 Dungeon Crawl Stone Soup version 0.19.0-2-gae57169 (webtiles) character file.

3000 poirepourri the Basher (level 9, -1/57 HPs)
             Began as a Gargoyle Fighter on Nov 3, 2016.
             Was a Follower of Trog.
             Killed by divine providence
             ... invoked by an orc priest
              (13 damage)
             ... on level 7 of the Dungeon.
             The game lasted 00:09:03 (7130 turns).

poirepourri the Basher (Gargoyle Fighter)           Turns: 7130, Time: 00:09:05

Health: -1/57      AC: 16    Str: 31    XL:     9   Next: 84%
Magic:  9/9        EV: 11    Int:  9    God:    Trog [*.....]
Gold:   102        SH: 10    Dex: 11    Spells: 0 memorised, 8 levels left

rFire  . . .     SeeInvis .     a - +1 flail
rCold  . . .     Gourm    .     k - +4 scale mail
rNeg   + . .     Faith    .     c - +0 shield
rPois  ∞         Spirit   .     (no helmet)
rElec  +         Reflect  .     (no cloak)
rCorr  .         Harm     .     (no gloves)
MR     .....                    (no boots)
Stlth  ..........               (no amulet)
                                o - +5 ring of strength
                                j - +2 ring of evasion

@: mighty
A: negative energy resistance 1, electricity resistance, unbreathing,
petrification resistance, rot immunity, AC +5
a: Berserk, Burn Spellbooks, Renounce Religion


You were on level 7 of the Dungeon.
You worshipped Trog.
Trog was aware of your devotion.
You were not hungry.

You visited 2 branches of the dungeon, and saw 8 of its levels.

You collected 402 gold pieces.
You spent 300 gold pieces at shops.

Inventory:

Hand Weapons
 a - a +1 flail (weapon)
Missiles
 n - 30 bolts
Armour
 c - a +0 shield (worn)
 g - a +0 chain mail of cold resistance
 k - a +4 scale mail (worn)
Jewellery
 j - a +2 ring of evasion (left hand)
 o - a +5 ring of strength (right hand)
 r - an uncursed amulet of rage {unknown}
Scrolls
 e - 5 scrolls of remove curse
 l - 2 scrolls of teleportation
 q - a scroll of magic mapping
Potions
 b - a potion of magic
 d - 2 potions of curing
 h - a potion of heal wounds
Comestibles
 f - 2 meat rations
 m - a beef jerky
 p - 3 bread rations


   Skills:
 + Level 7.5 Fighting
 + Level 11.1 Maces & Flails
 - Level 3.2 Armour
 + Level 3.3 Dodging
 - Level 3.3 Shields


You had 8 spell levels left.
You didn't know any spells.

Dungeon Overview and Level Annotations

Branches:
Dungeon (7/15)             Temple (1/1) D:5

Altars:
Ashenzari
Cheibriados
Dithmenos
Elyvilon
Fedhas
Gozag
Hepliaklqana
Makhleb
Nemelex Xobeh
Okawaru
Qazlal
Ru
Sif Muna
Trog
Uskayaw
Vehumet
Xom
Yredelemnul
Zin
The Shining One

Shops:
D:7 !%:(


Innate Abilities, Weirdness & Mutations

You are resistant to torment.
Your stone body is resilient. (AC +5)
You are immune to poison.
You resist negative energy. (rN+)
You are resistant to electric shocks. (rElec)
You can survive without breathing.
You are immune to petrification.
You are immune to rotting.


Message History

The orc warrior hits you with a war axe!
You miss the orc warrior.
The orc warrior hits you with a war axe!
You bump into the rock wall.
Your shield and scale mail prevent you from hitting the orc warrior.
The orc warrior closely misses you.
Unknown command.
You feel very mighty all of a sudden.
You feel less confused.
The orc warrior hits you with a war axe.
You closely miss the orc warrior. You block the orc warrior's attack.
You closely miss the orc warrior. The orc warrior closely misses you.
You closely miss the orc warrior. You barely miss the orc warrior.
You block the orc warrior's attack.
You sock the orc warrior!
The orc warrior is moderately wounded.
The orc warrior hits you with a war axe!!
* * * LOW HITPOINT WARNING * * *
The orc priest invokes the aid of Beogh against you.
Beogh smites you!
You die...

..... #.........∩#
####.
######.#.#.########
#....[...)....
###...########
#...# #.#.# ####.
#.#.# ..... #.#>.
##### #@#.## #o#.#
#o# #o# #.# #.# #.#
#.# #.#


You could see an orc warrior, an orc priest and an orc.

Vanquished Creatures
  A gargoyle (D:6)
  Grinder (D:4)
  A wyvern (D:4)
  An ice beast (D:7)
  2 orc warriors
  4 ogres
  A phantom (D:4)
  A centaur (D:5)
  The ghost of lorenzova the Conjurer, an amateur DECj (D:3)
  Blork the orc (D:4)
  A bullfrog (D:7)
  3 scorpions
  3 wyvern skeletons
  A wight (D:3)
  A howler monkey (D:5)
  3 crimson imps
  A jelly (D:5)
  A bullfrog zombie (D:6)
  2 hounds
  A bullfrog skeleton (D:4)
  5 orc wizards
  A gnoll shaman (D:6)
  3 iguanas
  Natasha (twice) (D:4 D:3)
  5 worker ants
  A hound skeleton (D:5)
  Robin (D:4)
  A worker ant zombie (D:6)
  7 gnolls
  10 adders
  A shadow imp (D:3)
  2 oozes
  An adder zombie (D:7)
  2 adder skeletons
  2 worms
  A dart slug (D:4)
  6 leopard geckos
  15 orcs
  4 giant cockroaches
  13 goblins
  13 hobgoblins
  4 jackals
  5 quokkas
  4 ball pythons
  8 bats
  8 frilled lizards
  A jackal zombie (D:6)
  8 kobolds
  3 leopard gecko skeletons
  A quokka skeleton (D:6)
  12 rats
181 creatures vanquished.

Notes
Turn   | Place    | Note
-------+----------+-------------------------------------------
     0 | D:1      | poirepourri the Gargoyle Fighter began the quest for the Orb.
     0 | D:1      | Reached XP level 1. HP: 14/14 MP: 1/1
   107 | D:1      | Reached XP level 2. HP: 20/20 MP: 2/2
   638 | D:2      | Reached XP level 3. HP: 24/24 MP: 3/3
   744 | D:2      | Reached skill level 3 in Maces & Flails
   757 | D:2      | Reached XP level 4. HP: 29/29 MP: 4/4
   955 | D:2      | Found an opulent altar of Gozag.
  1799 | D:3      | Noticed lorenzova's ghost (amateur DECj)
  1813 | D:3      | Killed lorenzova's ghost
  1813 | D:3      | Reached skill level 4 in Maces & Flails
  1813 | D:3      | Reached skill level 1 in Dodging
  1813 | D:3      | Reached XP level 5. HP: 5/34 MP: 5/5
  2235 | D:3      | Reached skill level 5 in Maces & Flails
  2235 | D:3      | Reached XP level 6. HP: 5/40 MP: 6/6
  3373 | D:4      | Noticed Natasha
  3381 | D:4      | Noticed Robin
  3381 | D:4      | Killed Natasha
  3381 | D:4      | Reached skill level 5 in Fighting
  3415 | D:4      | Killed Robin
  3433 | D:4      | Noticed Blork the orc
  3435 | D:4      | Noticed Natasha
  3442 | D:4      | Killed Blork the orc
  3442 | D:4      | Reached XP level 7. HP: 43/44 MP: 7/7
  3460 | D:3      | Killed Natasha
  3460 | D:3      | Reached skill level 6 in Maces & Flails
  4120 | D:4      | Reached skill level 7 in Maces & Flails
  4187 | D:4      | Reached XP level 8. HP: 46/51 MP: 8/8
  4192 | D:4      | Found a glowing silver altar of Zin.
  4216 | D:4      | Noticed Grinder
  4217 | D:4      | Paralysed by Grinder for 5 turns
  4229 | D:4      | Paralysed by Grinder for 2 turns
  4238 | D:4      | Killed Grinder
  4420 | D:4      | Found a hazy altar of Hepliaklqana.
  4423 | D:4      | Found a sparkling altar of Nemelex Xobeh.
  4456 | D:4      | Noticed a wyvern
  4467 | D:4      | Reached skill level 8 in Maces & Flails
  4475 | D:4      | Killed a wyvern
  4721 | D:4      | Found a blossoming altar of Fedhas.
  4815 | D:5      | Entered Level 5 of the Dungeon
  4816 | D:5      | Found a staircase to the Ecumenical Temple.
  4829 | D:5      | Reached skill level 9 in Maces & Flails
  4936 | Temple   | Entered the Ecumenical Temple
  4940 | Temple   | Reached XP level 9. HP: 19/56 MP: 9/9
  5398 | Temple   | Became a worshipper of Trog the Wrathful
  5644 | D:5      | Found a shattered altar of Ashenzari.
  5919 | D:6      | Reached skill level 10 in Maces & Flails
  6134 | D:6      | Found a shattered altar of Ashenzari.
  6141 | D:6      | Found a shadowy altar of Dithmenos.
  6141 | D:6      | Found a blossoming altar of Fedhas.
  6142 | D:6      | Found a radiant altar of Vehumet.
  6143 | D:6      | Found a stormy altar of Qazlal.
  6206 | D:6      | Reached * piety under Trog
  6454 | D:6      | Found a hide-covered altar of Uskayaw.
  6634 | D:6      | Noticed a gargoyle
  6652 | D:6      | Killed a gargoyle
  6730 | D:7      | Found Tastax's Food Boutique.
  6746 | D:7      | Bought a bread ration for 60 gold pieces
  6746 | D:7      | Bought a meat ration for 60 gold pieces
  6746 | D:7      | Bought a bread ration for 60 gold pieces
  6746 | D:7      | Bought a meat ration for 60 gold pieces
  6746 | D:7      | Bought a bread ration for 60 gold pieces
  6749 | D:7      | Found Buraaq's Distillery.
  7037 | D:7      | Found Utekk's Book Shop.
  7081 | D:7      | Found Dunyem's Weapon Shop.
  7088 | D:7      | Reached skill level 11 in Maces & Flails
  7130 | D:7      | Killed from afar by an orc priest

Skill      XL: |  1  2  3  4  5  6  7  8  9 |
---------------+----------------------------+-----
Fighting       | 4 5 6 7 |  7.5
Maces & Flails | 3 4 5 7 9 11 | 11.1
Dodging        | 1 2 3 |  3.3
Armour         | |  3.2
Shields        | |  3.3

Action                   |  1- 3 |  4- 6 |  7- 9 || total
-------------------------+-------+-------+-------++-------
Melee: Flail             |   119 |   273 |   418 ||   810
Invok: Burn Spellbooks   |       |       |     1 ||     1
  Use: Potion            |       |     7 |     1 ||     8
       Scroll            |       |     3 |     8 ||    11
  Eat: Fruit             |       |     3 |     1 ||     4
       Beef jerky        |       |     1 |       ||     1
       Bread ration      |       |     1 |     2 ||     3
       Pizza             |       |       |     1 ||     1
       Meat ration       |       |       |     1 ||     1
Armor: Scale mail        |    94 |   170 |   132 ||   396
       Chain mail        |       |    23 |    41 ||    64
Dodge: Dodged            |    59 |   137 |   112 ||   308
Block: Shield            |    84 |   183 |   178 ||   445
